 Dungeon Crawl Stone Soup version 0.30-a0-799-g109b55a442 (webtiles) character file.

Game seed: 11164375732432368651

75 Mickster the Trooper (level 4, 0/41 HPs)
             Began as a Hill Orc Fighter on Feb 21, 2023.
             Slain by Sigmund
             ... wielding a +1 heavy scythe
              (15 damage)
             ... on level 3 of the Dungeon.
             The game lasted 00:22:14 (1758 turns).

Mickster the Trooper (Hill Orc Fighter)             Turns: 1758, Time: 00:22:15

Health: 0/41       AC: 12    Str: 26    XL:     4   Next: 31%
Magic:  4/4        EV:  5    Int:  8    God:
Gold:   10         SH:  8    Dex: 10    Spells: 2/3 levels left

rFire   . . .      SeeInvis .    a - +0 war axe
rCold   . . .      Faith    .    f - +0 kite shield
rNeg    . . .      Spirit   .    o - +0 plate armour
rPois   .          Reflect  .    (no helmet)
rElec   .          Harm     .    (no cloak)
rCorr   .          Rampage  .    (no gloves)
Will    .....                    p - +0 pair of boots Stlth
                                 (no amulet)
HPRegen 0.26/turn                k - +6 ring of strength
MPRegen 0.09/turn                (no ring)

@: no status effects
A: no striking features
a: no special abilities


You were on level 3 of the Dungeon.
You visited 1 branch of the dungeon, and saw 3 of its levels.

You collected 172 gold pieces.
You spent 162 gold pieces at shops.

Inventory:

Hand Weapons
 a - a +0 war axe (weapon)
Missiles
 e - 19 stones
 j - 9 poisoned darts
 n - 3 atropa-tipped darts (quivered)
Armour
 b - a +0 scale mail
 c - a +0 buckler
 f - a +0 kite shield (worn)
 m - a +0 ring mail
 o - a +0 plate armour (worn)
 p - a +0 pair of boots (worn)
Jewellery
 k - a +6 ring of strength (left hand)
Scrolls
 g - 2 scrolls of teleportation
 h - 4 scrolls of identify
Potions
 d - 3 potions of might
 i - a potion of resistance {unknown}
 l - 2 potions of curing


   Skills:
 + Level 4.3 Fighting
 + Level 3.8 Axes
 + Level 3.8 Armour
 + Level 0.2 Dodging
 + Level 3.8 Shields


You had 2 spell levels left.
You knew the following spells:

 Your Spells              Type           Power      Damage    Failure   Level
a - Kiss of Death         Conj/Necr      0%         2d5       100%        1

Your spell library contained the following spells:

 Spells                   Type           Power      Damage    Failure   Level
 Shock                    Conj/Air       0%         1d3       100%        1
 Sting                    Tmut/Pois      0%         1d3       100%        1
 Poisonous Vapours        Pois/Air       0%         N/A       100%        2
 Confusing Touch          Hex            0%         N/A       100%        3
 Swiftness                Air            0%         N/A       100%        3
 Airstrike                Air            0%         2d(0-16)  100%        4
 Dispel Undead            Necr           0%         3d6       100%        4
 Olgreb's Toxic Radiance  Pois           0%         N/A       100%        4


Dungeon Overview and Level Annotations

Branches:
Dungeon (3/15)

Altars:

Shops:
D:2 [([*(

Annotations:
D:3 Sigmund


Message History

Found a ring mail.
You see here a +0 robe.
You see here a +0 ring mail.
Sigmund the Dreaded comes into view.
He is wielding a +1 heavy scythe.
Sigmund shouts!
Sigmund casts a spell at you. The puff of flame hits you.
Sigmund drinks a potion.
Sigmund seems to speed up.
Found a fizzy dark potion.
Found an escape hatch in the floor.
Sigmund hits you from afar with a +1 heavy scythe.
Throw: 5 darts (atropa)
Press: ? - help, Q - select action, (/) - cycle Shift-Dir - straight line, f - Sigmund
Aim: Sigmund, wielding a +1 heavy scythe and wearing a +0 robe (fast, 53% to hit, chance to blind on hit: 75%)
You throw an atropa-tipped dart. The atropa-tipped dart hits Sigmund.
Sigmund appears confused.
Throw: 4 darts (atropa)
Press: ? - help, Q - select action, (/) - cycle Shift-Dir - straight line, f/p - Sigmund
Aim: Sigmund, wielding a +1 heavy scythe and wearing a +0 robe (fast, confused, blind, 77% to hit, chance to blind on hit: 75%)
You throw an atropa-tipped dart. The atropa-tipped dart hits Sigmund.
Sigmund appears confused.
Sigmund seems less confused.
Sigmund hits you but does no damage.
You barely miss Sigmund.
Sigmund hits you with a +1 heavy scythe.
You slash Sigmund!
Sigmund is moderately wounded.
Sigmund hits you but does no damage.
You barely miss Sigmund.
Sigmund is moderately wounded.
Sigmund hits you with a +1 heavy scythe!
You hit Sigmund.
Sigmund is moderately wounded.
Sigmund is no longer blind.
Sigmund hits you with a +1 heavy scythe!
You slash Sigmund!
Sigmund is severely wounded.
Sigmund mumbles some strange words.
Sigmund flickers and vanishes!
Deactivating autopickup; reactivate with Ctrl-A.
Something hits you!
You die...

.. #.# # ..... ### #.#
#. #...# #[# .##...#
#.# ....># ### #.# #
#.... ..# #.#
..##.#...# #.# #.#
......({.# #.# #.#
.!.....@.#####.#####[#
.###.###.............#
#######.####### #.#
#.# #.. ###


There were no monsters in sight!

Vanquished Creatures
  4 adders (D:2)
  4 ball pythons
  4 bats
  4 endoplasms
  A giant cockroach (D:1)
  2 goblins
  2 hobgoblins
  4 jackals
  4 quokkas
  2 frilled lizards
  4 kobolds
  2 rats (D:1)
37 creatures vanquished.

Notes
Turn   | Place    | Note
-------+----------+-------------------------------------------
     0 | D:1      | Mickster the Hill Orc Fighter began the quest for the Orb.
     0 | D:1      | Reached XP level 1. HP: 19/19 MP: 1/1
   121 | D:1      | Reached skill level 4 in Fighting
   121 | D:1      | Reached XP level 2. HP: 26/27 MP: 2/2
   698 | D:2      | Reached XP level 3. HP: 22/33 MP: 3/3
  1165 | D:2      | Found Xorphela's Antique Weapon Emporium.
  1165 | D:2      | Found Ynludoo's General Store.
  1196 | D:2      | Found Uxtodiup's Armour Emporium.
  1304 | D:2      | Bought 3 poisoned darts for 21 gold pieces
  1304 | D:2      | Bought a scroll of identify for 24 gold pieces
  1351 | D:2      | Learned a level 1 spell: Kiss of Death
  1400 | D:2      | Reached XP level 4. HP: 19/40 MP: 4/4
  1547 | D:2      | Found Useac's Weapon Emporium.
  1572 | D:2      | Bought 5 atropa-tipped darts for 63 gold pieces
  1653 | D:2      | Found Ajuoqa Toargh's Armour Shop.
  1668 | D:2      | Bought a +0 pair of boots for 54 gold pieces
  1746 | D:3      | Noticed Sigmund
  1758 | D:3      | Slain by Sigmund

Illustrated notes

Levels and vault maps discovered:
D:1:      sevenhm_arrival_forest_fort_small_1, layout_rooms,
          reono_crystal_passage, serial_bayou_pond_e
D:2:      layout_rooms, serial_shops, shop, shop, shop_statue, shop_statue, shop
D:3:      kennysheep_goblin_castle, layout_loops_ring, uniq_terence,
          uniq_sigmund

Skill      XL: |  1  2 |
---------------+-------+-----
Fighting       | 4 |  4.3
Axes           | 3 |  3.8
Armour         | |  3.8
Dodging        | |  0.2
Shields        | |  3.8

Action                     |  1- 3 |  4- 6 || total
---------------------------+-------+-------++-------
  Melee: War axe           |   114 |    23 ||   137
  Throw: Dart              |       |     2 ||     2
    Use: Scroll            |     5 |       ||     5
         Potion            |     3 |       ||     3
 Armour: Scale mail        |    64 |     6 ||    70
         Ring mail         |       |    10 ||    10
         Plate armour      |       |     2 ||     2
  Dodge: Dodged            |    62 |    11 ||    73
  Block: Kite shield       |    56 |       ||    56
         Buckler           |     2 |       ||     2

Table legend: (Time is in decaauts)
 A = Elapsed time spent in this place.
 B = Non-inter-level travel time spent in this place.
 C = Inter-level travel time spent in this place.
 D = Time resting spent in this place.
 E = Time spent auto-exploring this place.
 F = Levels seen in this place.
 G = Mean time per level.
                   A        B        C        D        E       F      G
               +--------+--------+--------+--------+--------+-----+--------+
         Total |   1834 |   1745 |     89 |    380 |      0 |   3 |  611.3 |
       Dungeon |   1834 |   1745 |     89 |    380 |      0 |   3 |  611.3 |
               +--------+--------+--------+--------+--------+-----+--------+

Top non-repeatable levels by time:
     D:2: 1069 daAuts
     D:1: 712 daAuts
     D:3: 52 daAuts
